 Dungeon Crawl Stone Soup version 0.28-a0-969-g2dcde036d2 (webtiles) character file.

Game seed: 8061471127501352056

35 HessuHobo the Stinger (level 3, 0/31 HPs)
             Began as an Ogre Venom Mage on Dec 1, 2021.
             Slain by Terence (3 damage)
             ... on level 1 of the Dungeon.
             The game lasted 00:02:39 (1568 turns).

HessuHobo the Stinger (Ogre Venom Mage)             Turns: 1568, Time: 00:02:39

Health: 0/31       AC:  3    Str: 12    XL:     3   Next: 35%
Magic:  5/7        EV:  9    Int: 18    God:
Gold:   31         SH:  0    Dex:  9    Spells: 5/8 levels left

rFire   . . .      SeeInvis .   c - +0 short sword
rCold   . . .      Faith    .   (no shield)
rNeg    . . .      Spirit   .   a - +0 robe
rPois   .          Reflect  .   (helmet restricted)
rElec   .          Harm     .   (no cloak)
rCorr   .          Rampage  .   (gloves unavailable)
Will    .....                   (boots unavailable)
Stlth   +.........              (no amulet)
HPRegen 0.10/turn               (no ring)
MPRegen 0.10/turn               (no ring)

@: no status effects
A: large, unfitting armour, tough skin 1
a: no special abilities


You were on level 1 of the Dungeon.
You visited 1 branch of the dungeon, and saw 2 of its levels.

You collected 31 gold pieces.

Inventory:

Hand Weapons
 c - a +0 short sword (weapon)
Armour
 a - a +0 robe (worn)
Scrolls
 b - a scroll of holy word {unknown}
 e - a scroll of identify {unknown}
 f - a scroll of fear {unknown}
Potions
 d - a potion of brilliance {unknown}


   Skills:
 - Level 1.7 Dodging
 - Level 1.4 Stealth
 + Level 3.1 Spellcasting
 + Level 1.7 Transmutations
 + Level 3.1 Poison Magic


You had 5 spell levels left.
You knew the following spells:

 Your Spells              Type           Power      Damage    Failure   Level
a - Sting                 Tmut/Pois      44%        1d5       6%          1
b - Poisonous Vapours     Pois/Air       16%        N/A       13%         2

Your spell library contained the following spells:

 Spells                   Type           Power      Damage    Failure   Level
 Mephitic Cloud           Conj/Pois/Air  6%         N/A       30%         3
 Olgreb's Toxic Radiance  Pois           14%        N/A       41%         4


Dungeon Overview and Level Annotations

Branches:
Dungeon (2/15)

Altars:

Shops:
D:1 !

Annotations:
D:1 Terence


Innate Abilities, Weirdness & Mutations

You are too large for most types of armour.
You have tough skin. (AC +1)


Message History

You blink.
There is a stone staircase leading up here.
Casting: Poisonous Vapours (safe; 13% risk of failure)
Confirm with . or Enter, or press ? or * to list all spells.
Aiming: Poisonous Vapours (safe; 13% risk of failure)
Press: ? - help, Dir - move target, f/p - Terence
Aim: Terence, wielding a +0 flail of distortion and wearing a +0 scale mail (moderately wounded, poisoned) Poisonous vapours surround Terence!
Terence looks even sicker.
Terence says, "Did you write a will?
You should..."
Your magical contamination has completely faded away.
You climb upwards.
There is a stone staircase leading down here.
You start resting.
Magic restored.
You start resting.
HP restored.
(D) Dungeon
Where to? (Enter - D:2, ? - help)
You climb downwards.
Level annotation: Terence Terence barely misses you. x2
There is a stone staircase leading up here.
Terence is nearby!
Terence hits you with a +0 flail of distortion.
Space warps around you.
You climb upwards.
There is a stone staircase leading down here.
Casting: Poisonous Vapours (safe; 13% risk of failure)
Confirm with . or Enter, or press ? or * to list all spells.
Aiming: Poisonous Vapours (safe; 13% risk of failure)
Press: ? - help, Dir - move target, f - Terence
Aim: Terence, wielding a +0 flail of distortion and wearing a +0 scale mail Poisonous vapours surround Terence!
Terence is poisoned.
Terence hits you with a +0 flail of distortion.
Space warps horribly around you!
Ouch! That really hurt!
* * * LOW HITPOINT WARNING * * *
You can't go up here!
Terence hits you with a +0 flail of distortion.
You die...

####### #.....# #.....#
#.....# #.....# ###....#
#### #......# ####...
#......#######......
######.@@.........+......
#.........รท......##......
#.####.....#####.##......
#.######...).).#'##......
#.....##.######..........
#####.##.................
#.#####..............
#.#####..#.......####
#........#.#######


You could see Terence (poisoned).

Vanquished Creatures
  2 dart slugs (D:1)
  5 bats (D:1)
  2 endoplasms
  2 giant cockroaches (D:1)
  A hobgoblin (D:1)
  4 kobolds
  2 quokkas (D:1)
  6 ball pythons (D:1)
  4 goblins (D:1)
  4 rats (D:1)
32 creatures vanquished.

Notes
Turn   | Place    | Note
-------+----------+-------------------------------------------
     0 | D:1      | HessuHobo the Ogre Venom Mage began the quest for the Orb.
     0 | D:1      | Reached XP level 1. HP: 16/16 MP: 3/3
    62 | D:1      | Reached skill level 1 in Transmutations
   163 | D:1      | Reached XP level 2. HP: 22/24 MP: 3/5
   647 | D:1      | Found a faded altar of an unknown god.
   753 | D:1      | Reached XP level 3. HP: 28/31 MP: 3/7
   816 | D:1      | Found Ywkuj's Distillery.
  1355 | D:1      | Learned a level 2 spell: Poisonous Vapours
  1416 | D:2      | Noticed Terence
  1568 | D:1      | Slain by Terence

Illustrated notes

Levels and vault maps discovered:
D:1:      minmay_arrival_split_and_join, layout_basic, serial_shops, shop,
          hellmonk_ecumenical_altar_leap_of_faith, minmay_door_square,
          st_stairs_9, serial_bayou_crossing
D:2:      layout_rooms, serial_shops, nicolae_diamond_shop,
          nicolae_shop_hallway_stairs, nicolae_shop_hallway_plus,
          nicolae_shop_advertising_works [nicolae_subvault_shop_adworks],
          basic_altar, uniq_terence, uniq_jessica

Skill      XL: |  1  2 |
---------------+-------+-----
Transmutations | 1 |  1.7
Poison Magic   | 3 |  3.1
Spellcasting   | 3 |  3.1
Dodging        | |  1.7
Stealth        | |  1.4

Action                   || total
-------------------------++-------
Melee: Unarmed           ||     2
       Short sword       ||    28
 Cast: Sting             ||    38
       Poisonous Vapours ||     5
Armor: Robe              ||    20
Dodge: Dodged            ||    20

Table legend: (Time is in decaauts)
 A = Elapsed time spent in this place.
 B = Non-inter-level travel time spent in this place.
 C = Inter-level travel time spent in this place.
 D = Time resting spent in this place.
 E = Time spent auto-exploring this place.
 F = Levels seen in this place.
 G = Mean time per level.
                   A        B        C        D        E       F      G
               +--------+--------+--------+--------+--------+-----+--------+
         Total |   1575 |   1556 |     19 |    734 |    612 |   2 |  787.5 |
       Dungeon |   1575 |   1556 |     19 |    734 |    612 |   2 |  787.5 |
               +--------+--------+--------+--------+--------+-----+--------+

Top non-repeatable levels by time:
     D:1: 1515 daAuts
     D:2: 60 daAuts
